 Dungeon Crawl Stone Soup version 0.26-a0-667-g92642533e4 (webtiles) character file.

Game seed: 17333316014453336429

55 CheiIsBae the Chopper (level 3, 0/31 HPs)
             Began as a Hill Orc Fighter on Oct 18, 2020.
             Slain by Robin
             ... wielding a +4 club
              (9 damage)
             ... on level 2 of the Dungeon.
             The game lasted 00:00:57 (1017 turns).

CheiIsBae the Chopper (Hill Orc Fighter)            Turns: 1017, Time: 00:00:57

Health: 0/31       AC:  6    Str: 19    XL:     3   Next: 93%
Magic:  3/3        EV:  7    Int:  8    God:
Gold:   55         SH: 10    Dex: 16    Spells: 2/2 levels left

rFire    . . .     SeeInvis .   a - +0 war axe
rCold    . . .     Faith    .   c - +0 kite shield
rNeg     . . .     Spirit   .   b - +0 scale mail
rPois    .         Reflect  .   (no helmet)
rElec    .         Harm     .   (no cloak)
rCorr    .         Rampage  .   (no gloves)
MR       .....                  (no boots)
Stlth    ..........             (no amulet)
HPRegen  0.10/turn              n - +6 ring of dexterity
MPRegen  0.08/turn              (no ring)

@: no status effects
A: no striking features
a: no special abilities


You were on level 2 of the Dungeon.
You visited 1 branch of the dungeon, and saw 2 of its levels.

You collected 55 gold pieces.

Inventory:

Hand Weapons
 a - a +0 war axe (weapon)
Armour
 b - a +0 scale mail (worn)
 c - a +0 kite shield (worn)
Jewellery
 n - a +6 ring of dexterity (left hand)
Scrolls
 e - a scroll of identify {unknown}
 g - a scroll of teleportation {unknown}
 k - a scroll of enchant weapon {unknown}
 l - a scroll of blinking {unknown}
 o - 2 scrolls of remove curse {unknown}
Potions
 d - a potion of might
 f - a potion of curing
 h - a potion of haste {unknown}
 i - 2 potions of brilliance {unknown}
 j - 2 potions of stabbing {unknown}
 m - a potion of degeneration {unknown}


   Skills:
 - Level 3.6 Fighting
 * Level 4.7 Axes
 - Level 3.2 Armour
 + Level 4.0 Shields


You had 2 spell levels left.
You didn't know any spells.
Your spell library was empty.

Dungeon Overview and Level Annotations

Branches:
Dungeon (2/15)

Altars:

Annotations:
D:2 Robin


Message History

The hobgoblin goes into a battle-frenzy!
The goblin closely misses you.
The hobgoblin hits you but does no damage.
Robin drinks a potion.
Robin is healed!
Unknown command.
You slash Robin!
Robin is severely wounded.
You hit the hobgoblin. You slash the goblin!
You kill the goblin!
Your Shields skill increases to level 4!
The hobgoblin hits you but does no damage.
Robin hits you with a +4 club!
* * * LOW HITPOINT WARNING * * *
Unknown command.
You barely miss Robin.
Robin is severely wounded.
You hit the hobgoblin.
You kill the hobgoblin!
Robin hits you with a +4 club!
You die...

.#.#.# .#.#.# #.#...
...#.## #.#.. ....†.#
#.#.#+#
......##########.#.#.##.
........................
...........# #..........
...........# #.)g†......
...........###..@.......
...........#...))).....#
...........#.#.........#
.#######.............###
.# #..##.######### .#
#..##........
#.8########## #..# #8.#


You could see Robin.

Vanquished Creatures
  An adder (D:2)
  An ooze (D:2)
  3 dart slugs
  A leopard gecko (D:2)
  2 bats (D:1)
  8 goblins
  4 hobgoblins
  A quokka (D:2)
  4 frilled lizards
  5 kobolds
  5 rats
35 creatures vanquished.

Notes
Turn   | Place    | Note
-------+----------+-------------------------------------------
     0 | D:1      | CheiIsBae the Hill Orc Fighter began the quest for the Orb.
     0 | D:1      | Reached XP level 1. HP: 19/19 MP: 1/1
     6 | D:1      | Noticed a rime drake
     6 | D:1      | Noticed a water moccasin
     7 | D:1      | Noticed a komodo dragon
   182 | D:1      | Reached XP level 2. HP: 26/26 MP: 2/2
   816 | D:2      | Reached XP level 3. HP: 30/31 MP: 3/3
  1004 | D:2      | Identified the +2 helmet of Ufryg {Slay+3}
  1004 | D:2      | Noticed Robin
  1017 | D:2      | Slain by Robin

Illustrated notes

Levels and vault maps discovered:
D:1:      onia_arrival_zoo_common, layout_loops_ring
D:2:      layout_basic, serial_curves, eino_curves_03, eino_curves_02,
          eino_curves_03, chequers_decorated_corner, palyth_stone_intersect,
          nicolae_qazlal_style_of_elements, uniq_robin

Skill      XL: |  1  2  3 |
---------------+----------+-----
Axes           | 3 4 |  4.7
Shields        | 4 |  4.0
Fighting       | |  3.6
Armour         | |  3.2

Action                   || total
-------------------------++-------
Melee: War axe           ||    89
Armor: Scale mail        ||    35
Dodge: Dodged            ||    25
Block: Kite shield       ||    43

Table legend: (Time is in decaauts)
 A = Elapsed time spent in this place.
 B = Non-inter-level travel time spent in this place.
 C = Inter-level travel time spent in this place.
 D = Time resting spent in this place.
 E = Time spent auto-exploring this place.
 F = Levels seen in this place.
 G = Mean time per level.
                   A        B        C        D        E       F      G
               +--------+--------+--------+--------+--------+-----+--------+
         Total |   1051 |    998 |     53 |      0 |    803 |   2 |  525.5 |
       Dungeon |   1051 |    998 |     53 |      0 |    803 |   2 |  525.5 |
               +--------+--------+--------+--------+--------+-----+--------+

Top non-repeatable levels by time:
     D:1: 828 daAuts
     D:2: 222 daAuts
